 Dungeon Crawl Stone Soup version 0.31.0-9-g3a7656b989 (webtiles) character file.

Game seed: 10356679142376867073

223 qw the Skirmisher (level 5, -6/30 HPs)
             Began as a Deep Elf Hunter on Feb 2, 2024.
             Mangled by an orc priest
             ... wielding a +0 trident
              (9 damage)
             ... on level 4 of the Dungeon.
             The game lasted 00:00:11 (3513 turns).

qw the Skirmisher (Deep Elf Hunter)                 Turns: 3513, Time: 00:00:11

Health: -6/30      AC:  5    Str: 16    XL:     5   Next: 66%
Magic:  7/7        EV: 11    Int: 16    God:
Gold:   218        SH:  0    Dex: 18    Spells: 4/4 levels left

rFire   . . .        d - +7 orcbow of Contradiction {heavy, Int+2}
rCold   . . .        (shield currently unavailable)
rNeg    . . .        j - +0 ring mail
rPois   .            (no helmet)
rElec   .            (no cloak)
rCorr   .            (no gloves)
SInv    .            (no boots)
Will    .....        (no amulet)
Stlth   +            g - +6 ring of strength
HPRegen 0.25/turn    (no ring)
MPRegen 0.10/turn

%: no passive effects
@: about to teleport
A: no striking features
a: no special abilities


You were on level 4 of the Dungeon.
You visited 1 branch of the dungeon, and saw 4 of its levels.

You collected 218 gold pieces.


   Skills:
 + Level 1.6 Fighting
 - Level 9.2 Ranged Weapons
 - Level 2.4 Dodging
 - Level 1.2 Stealth


You had 4 spell levels left.
You didn't know any spells.
Your spell library was empty.

Inventory:

Hand Weapons
 d - the +7 orcbow of Contradiction (weapon) {heavy, Int+2}
   (You acquired it on level 1 of the Dungeon)

   Int+2:     It affects your intelligence (+2).
Armour
 j - a +0 ring mail (worn)
Jewellery
 g - a +6 ring of strength (left hand)
 i - a ring of ice
Wands
 a - a wand of roots (14)
Scrolls
 b - 2 scrolls of identify
 h - 2 scrolls of teleportation
 l - a scroll of enchant weapon
 o - a scroll of enchant armour {unknown}
Potions
 c - a potion of magic {unknown}
 e - a potion of mutation
 f - a potion of haste
 k - a potion of enlightenment
 m - a potion of degeneration {unknown}
 n - 3 potions of heal wounds {unknown}
 p - a potion of curing {unknown}

Dungeon Overview and Level Annotations

Branches:
Dungeon (4/15)             Temple (0/1) D:4

Altars:
Cheibriados
Sif Muna
Trog
Xom

Annotations:
D:4 1 runed translucent door, qw's ghost, amateur SpHu


Message History

The orc closely misses you. The orc hits you with a +0 club.
You shoot an arrow. The arrow hits the orc!!
You kill the orc!
You start resting.
HP restored.
There is an open door, spattered with blood here.
Items here: % ))) [.
Things that are here:
a +0 flail; an orc corpse An orc priest comes into view.
It is wielding a +0 trident.
Found a scroll labelled GIMUCLOURCH.
Found a staircase to the Ecumenical Temple.
The orc priest shouts!
The orc priest closely misses you.
Enter note:
Enter note:
Enter note:
Enter note:
3509 ||| PLANNING TEMPLE You shoot an arrow.
The arrow barely misses the orc priest.
The orc priest hits you but does no damage.
The orc priest looks satisfied for a moment.
You shoot an arrow.
The arrow closely misses the orc priest.
The orc priest hits you from afar with a +0 trident.
The orc priest mumbles some strange prayers to Beogh against you.
Beogh smites you!
You shoot an arrow. The arrow hits the orc priest.
The orc priest is lightly wounded.
The orc priest hits you from afar with a +0 trident.
You shoot an arrow.
The arrow closely misses the orc priest.
The orc priest closely misses you.
The orc priest mumbles some strange prayers to Beogh against you.
Beogh smites you!
3513 ||| READING 3 scrolls of teleportation.
As you read the scroll of teleportation, it crumbles to dust.
You feel strangely unstable.
The orc priest hits you from afar with a +0 trident!
You die...

#### #......# #.##.# ###### #
#..##### #.##.# #..... # #..#
#.##.# #.#### # #..# #.# #.# #
#..# #.# # #..#### #.#####.# ##
#.....# #.......####
.########.##.######.######.......
................@...# #...####
.###########.####.### #...# .#
#.# o# #...#### .# #.# .#
#....... .# #.# .# #####.#.###.
.# #.# ?. .......[###.
.###########.# ## #####.......
.##..........# #######.
..#.##.......# #.


You could see an orc priest.

Vanquished Creatures
  A hound (D:4)
  An orc priest (D:4)
  An orc wizard (D:4)
  A gnoll (D:1)
  3 adders
  2 dart slugs
  2 ribbon worms
  17 orcs
  8 endoplasms
  2 giant cockroaches
  A goblin (D:3)
  4 hobgoblins
  8 jackals
  4 quokkas
  6 ball pythons
  3 bats
  2 frilled lizards (D:3)
  6 kobolds
  3 rats
75 creatures vanquished.

Notes
Turn   | Place    | Note
-------+----------+-------------------------------------------
     0 | D:1      | qw the Deep Elf Hunter began the quest for the Orb.
     0 | D:1      | Reached XP level 1. HP: 12/12 MP: 3/3
     0 | D:1      | 0 ||| qw: Version: 0.3-a-155-g5e7d8dd
     0 | D:1      | 0 ||| qw: Game counter: 2703
     0 | D:1      | 0 ||| qw: Melee chars always use a shield: true
     0 | D:1      | 0 ||| qw: God list: Okawaru
     0 | D:1      | 0 ||| qw: Allow faded altars: false
     0 | D:1      | 0 ||| qw: Do Orc after clearing Dungeon:15 true
     0 | D:1      | 0 ||| qw: Do second Lair branch before Depths: true
     0 | D:1      | 0 ||| qw: Lair rune preference: random
     0 | D:1      | 0 ||| qw: Goals: Normal
     0 | D:1      | 0 ||| PLANNING D:1-11
   142 | D:1      | Reached skill level 6 in Ranged Weapons
   142 | D:1      | Reached XP level 2. HP: 16/16 MP: 4/4
   538 | D:1      | Reached XP level 3. HP: 20/20 MP: 5/5
   808 | D:1      | 808 ||| READING scroll labelled FUNYSU IVVUA.
   808 | D:1      | 808 ||| IDENTIFYING blue potion
   836 | D:1      | 836 ||| READING scroll labelled JUCZUI IXICK.
   843 | D:1      | 843 ||| READING scroll labelled UKEAHA LIUSTU.
   843 | D:1      | Identified a scroll of acquirement
   843 | D:1      | 843 ||| ACQUIRING +7 orcbow of Contradiction {heavy, Int+2}
   843 | D:1      | Acquired the +7 orcbow of Contradiction {heavy, Int+2}
   845 | D:1      | 845 ||| SWAPPING to +7 orcbow of Contradiction {heavy,
                  | Int+2}.
   846 | D:1      | 846 ||| DROPPING +0 shortbow.
   847 | D:1      | 847 ||| READING 2 scrolls labelled PIGUSU BEXKU.
   854 | D:1      | 854 ||| DROPPING scroll of butterflies.
  1173 | D:2      | Reached skill level 7 in Ranged Weapons
  1235 | D:2      | Found a shimmering altar of Xom.
  1725 | D:2      | 1725 ||| UPGRADING to +0 scale mail.
  1735 | D:2      | 1735 ||| DROPPING +0 leather armour.
  1736 | D:2      | 1736 ||| READING scroll labelled IFANYNK HOAXT.
  1837 | D:2      | 1837 ||| READING 2 scrolls labelled GEAJUG BOLL.
  1838 | D:2      | 1838 ||| DROPPING scroll of fog.
  1903 | D:3      | Reached XP level 4. HP: 25/25 MP: 6/6
  2003 | D:3      | Found a snail-covered altar of Cheibriados.
  2578 | D:3      | 2578 ||| UPGRADING to +0 ring mail.
  2588 | D:3      | 2588 ||| DROPPING +0 scale mail.
  2589 | D:3      | 2589 ||| UPGRADING to +6 ring of strength.
  2590 | D:3      | 2590 ||| READING 2 scrolls of identify.
  2590 | D:3      | 2590 ||| IDENTIFYING viscous yellow potion
  2591 | D:3      | 2591 ||| READING scroll of identify.
  2591 | D:3      | 2591 ||| IDENTIFYING inky potion
  2592 | D:3      | 2592 ||| READING 2 scrolls labelled BUILAEG UGIOT.
  2593 | D:3      | 2593 ||| READING scroll labelled HUWIL ESUBREWK.
  2637 | D:3      | 2637 ||| READING scroll labelled JAECIK RECOKANT.
  2639 | D:3      | 2639 ||| Stepping ~*~*~tactically~*~*~ (cloud).
  2643 | D:3      | HP: 5/25 [poisoned by you (poison gas)]
  2647 | D:3      | HP: 2/25 [poisoned by you (poison gas)]
  2760 | D:4      | Reached skill level 8 in Ranged Weapons
  2761 | D:4      | 2761 ||| STAIRDANCE
  2812 | D:4      | 2812 ||| STAIRDANCE
  2819 | D:3      | Reached XP level 5. HP: 11/29 MP: 7/7
  2897 | D:4      | Noticed qw's ghost (amateur SpHu)
  2898 | D:4      | Found a runed translucent door.
  2933 | D:4      | 2933 ||| FLEEEEING.
  2934 | D:4      | 2934 ||| FLEEEEING.
  2935 | D:4      | 2935 ||| FLEEEEING.
  2936 | D:4      | 2936 ||| FLEEEEING.
  2937 | D:4      | 2937 ||| FLEEEEING.
  2938 | D:4      | 2938 ||| FLEEEEING.
  2939 | D:4      | 2939 ||| FLEEEEING.
  2940 | D:4      | 2940 ||| FLEEEEING.
  2941 | D:4      | 2941 ||| FLEEEEING.
  2942 | D:4      | 2942 ||| FLEEEEING.
  2943 | D:4      | 2943 ||| FLEEEEING.
  2944 | D:4      | 2944 ||| FLEEEEING.
  2945 | D:4      | 2945 ||| FLEEEEING.
  2946 | D:4      | 2946 ||| FLEEEEING.
  2947 | D:4      | 2947 ||| FLEEEEING.
  2948 | D:4      | 2948 ||| FLEEEEING.
  2949 | D:4      | 2949 ||| FLEEEEING.
  2950 | D:4      | 2950 ||| FLEEEEING.
  2951 | D:4      | 2951 ||| FLEEEEING.
  3015 | D:4      | Found a shimmering blue altar of Sif Muna.
  3200 | D:4      | Found a bloodstained altar of Trog.
  3386 | D:4      | Reached skill level 9 in Ranged Weapons
  3508 | D:4      | Found a staircase to the Ecumenical Temple.
  3509 | D:4      | 3509 ||| PLANNING TEMPLE
  3512 | D:4      | HP: 3/30 [orc priest/divine providence (8)]
  3513 | D:4      | 3513 ||| READING 3 scrolls of teleportation.
  3513 | D:4      | Mangled by an orc priest

Levels and vault maps discovered:
D:1:      lightli_molten_gateway, layout_loops_ring
D:2:      layout_basic, basic_altar
D:3:      layout_basic, slow_altar_2, chequers_serial_rivers_large_b
D:4:      layout_loops_ring, mainiacjoe_overflow_surrounded_room,
          mainiacjoe_overflow_six_doors_small, minmay_temple_entry_proselytizer,
          hellmonk_ghost_happy_afterlife, mrwooster_statue_mirror

Skill      XL: |  1  2  3  4  5 |
---------------+----------------+-----
Ranged Weapons | 6 7 8 9 |  9.2
Fighting       | |  1.6
Dodging        | |  2.4
Stealth        | |  1.2

Action                     |  1- 3 |  4- 6 || total
---------------------------+-------+-------++-------
   Fire: Shortbow          |    48 |       ||    48
         Orcbow            |    17 |    80 ||    97
    Use: Scroll            |     6 |     6 ||    12
 Armour: Leather armour    |     6 |       ||     6
         Ring mail         |       |    49 ||    49
         Scale mail        |       |     7 ||     7
  Dodge: Dodged            |     7 |    46 ||    53

Table legend:
 A = Non-vault XP
 B = Vault XP
 C = Vault XP percentage of total XP
 D = Non-vault monster count
 E = Vault monster count
 F = Vault count percentage of total count
                 A         B        C        D         E       F
            +---------+---------+-------+---------+---------+-------
      Total |     315 |       4 |   1.3 |      74 |       1 |   1.3
            +---------+---------+-------+---------+---------+-------
        D:1 |      48 |       0 |   0.0 |      20 |       0 |   0.0
        D:2 |      48 |       0 |   0.0 |      14 |       0 |   0.0
        D:3 |      56 |       4 |   6.7 |      20 |       1 |   4.8
        D:4 |     163 |       0 |   0.0 |      20 |       0 |   0.0
            +---------+---------+-------+---------+---------+-------
